Map: Redstorm

Players

DaBro - Winner!

  • Race: Protoss Protoss
  • Spawn Location: 7:00

ILIEKEGGPIE - Winner!

  • Race: Protoss Protoss
  • League: Platinum
  • Spawn Location: 7:00

dorodax

  • Race: Zerg Zerg
  • Spawn Location: 1:00

PrimeIce

  • Race: Protoss Protoss
  • Spawn Location: 1:00

VOD

Have the link to the VOD?

Description

Time

  • Played on: May 25, 2018, 6:03 p.m.
  • Length: 5:10
Show
View Real Time Build Order
Export as new Build Order

DaBro Protoss - Winner!

Build Orders:  

Get SALT Encoding   

  12  0:00  Probe  
  13  0:14  Pylon  
  13  0:17  Probe  
  14  0:30  Probe  
  14  0:34  Gateway  
  15  0:40  Assimilator  
  15  0:42  Probe  
  16  0:50  Probe  
  16  0:55  Assimilator  
  17  0:58  Probe  
  18  1:08  Probe  
  19  1:16  Probe  
  19  1:22  Cybernetics Core  
  19  1:24  Probe  
  20  1:28  Pylon  
  21  1:36  Probe  
  22  1:48  Probe  
  23  1:58  Warp Gate  
  23  2:13  Stalker  
  25  2:32  Probe  
  26  2:41  Robotics Facility  
  26  2:43  Stalker  
  28  3:02  Forge  
  28  3:05  Gateway  
  28  3:09  Pylon  
  27  3:14  Stalker  
  29  3:31  Immortal  
  33  3:38  Photon Cannon  
  33  4:09  Stalker  
  35  4:10  Stalker  
  37  4:24  Probe  
Show
View Real Time Build Order
Export as new Build Order

ILIEKEGGPIE Protoss - Winner!

Build Orders:  

Get SALT Encoding   

  12  0:01  Probe  
  13  0:14  Probe  
  14  0:19  Pylon  
  14  0:28  Probe  
  15  0:39  Probe  
  15  0:40  Gateway  
  16  0:48  Probe  
  16  0:53  Assimilator  
  16  0:56  Probe  
  17  1:02  Assimilator  
  18  1:06  Probe  
  19  1:14  Gateway  
  19  1:18  Probe  
  20  1:29  Cybernetics Core  
  20  1:36  Pylon  
  20  1:37  Probe  
  21  1:49  Probe  
  22  1:57  Warp Gate  
  22  2:05  Stalker x2  
  25  2:44  Stalker  
  25  2:51  Stalker  
  19  3:25  Probe  
  12  3:39  Probe  
  9  4:06  Zealot  
  8  4:55  Probe  
  9  5:03  Pylon  
  9  5:04  Pylon  
Show
View Real Time Build Order
Export as new Build Order

dorodax Zerg 

Build Orders: Pool First 

Get SALT Encoding   

  12  0:01  Drone  
  13  0:08  Drone  
  14  0:27  Spawning Pool  
  13  0:30  Extractor  
  13  0:33  Drone  
  13  0:36  Drone  
  14  0:45  Overlord  
  14  0:53  Extractor  
  14  0:54  Drone  
  15  1:15  Zergling x4  
  15  1:17  Zergling x2  
  18  1:19  Queen  
  20  1:29  Overlord  
  20  1:42  Zergling x2  
  21  1:52  Zergling x2  
  22  2:01  Overlord  
  22  2:02  Queen  
  23  2:52  Zergling x10  
  24  3:42  Zergling x12  
  30  3:49  Lair  
  30  3:53  Hatchery  
  24  4:25  Overlord x2  
Show
View Real Time Build Order
Export as new Build Order

PrimeIce Protoss 

Build Orders:  

Get SALT Encoding   

  12  0:04  Probe  
  13  0:16  Probe  
  14  0:35  Pylon  
  14  0:38  Probe  
  15  0:55  Gateway  
  15  0:56  Gateway  
  15  1:02  Gateway  
  15  1:16  Pylon  
  16  1:18  Probe  
  16  1:38  Zealot x2  
  20  1:48  Zealot  
  22  2:00  Pylon  
  22  2:06  Zealot  
  22  2:11  Zealot x2  
  28  2:27  Assimilator  
  28  2:29  Assimilator  
  28  2:34  Zealot  
  30  2:52  Zealot  
  30  2:53  Zealot  
  34  3:01  Zealot  
  34  3:20  Zealot x2  
  32  3:28  Zealot, Probe  
  35  3:36  Probe  
  32  3:47  Zealot x2  
  32  4:15  Zealot  
  32  4:16  Zealot x2  
  27  4:25  Cybernetics Core, Probe  
Tags
 
League
Platinum
Opening
Pool First
Replay Pack
Multi
Add a new tag
Caveats
  • Supply blocks, unpowered buildings, or Contaminate may cause inaccurate times.
  • Supply counts are checked every 10 seconds.